Match 42272368
Unlisted

Match 42272368
End
Selects Panzerjäger Kommand Battlegroup
Panzergrenadier Squad
Selects Mine Fields
Panzergrenadier Squad
Panzergrenadier Squad
Construct Light Support Kompanie
Selects Tank Busters
Fire Support Elements
Veteran Squad Leaders
Assault Mechanized Group
Vehicle Survival Package
Panzerjäger Squad
Selects Early Warning
Selects Butterfly Bomb Drop
Construct Panzerarmee Kommand
Panzer III L Medium Tank
Panzer III L Medium Tank
Butterfly Bomb Drop
Emergency Repair Kits
Selects Crew Shock Tactics
Panzer III L Medium Tank
Butterfly Bomb Drop
Rapid Advance
Tungsten Core Ammunition
Selects Anti-tank Overwatch
Butterfly Bomb Drop
Panzer III L Medium Tank
Panzer III L Medium Tank
Panzer III L Medium Tank
Butterfly Bomb Drop
Walking Stuka Rocket Launcher
Walking Stuka Rocket Launcher
Armored Reserves
Panzerpioneer Squad
Assault Grenadier Squad
Butterfly Bomb Drop
Pak 38 Anti-tank Gun Team
Pak 38 Anti-tank Gun Team
Tiger Heavy Tank
Anti-tank Overwatch
Butterfly Bomb Drop
Walking Stuka Rocket Launcher
Flak 36 Anti-tank Gun Team
Anti-tank Overwatch
Phan
MrBlueSteel
kamacura
SoldMyDad
Farlion
Pob
Officer Dankwart
WebsterBolek
0
0

Comments sign in to comment!

No comments posted yet!